 Dungeon Crawl Stone Soup version 0.29-a0-1019-g84f7d21838 (webtiles) character file.

Game seed: 3996069133348057842

714 zishaf the Magician (level 8, -5/58 HPs)
             Began as a Djinni Venom Mage on Aug 10, 2022.
             Slain by an ice beast (12 damage)
             ... on level 5 of the Dungeon.
             The game lasted 00:07:21 (5762 turns).

zishaf the Magician (Djinni Venom Mage)             Turns: 5762, Time: 00:07:22

Health: -5/58      AC:  3    Str:  7    XL:     8   Next: 1%
Gold:   162        EV: 12    Int: 19    God:
                   SH:  0    Dex: 14

rFire   + . .      SeeInvis .   l - +2 long sword (vorpal)
rCold   . . .      Faith    .   (no shield)
rNeg    . . .      Spirit   .   a - +0 robe
rPois   ∞          Reflect  .   m - +0 helmet
rElec   .          Harm     .   (no cloak)
rCorr   .          Rampage  .   (no gloves)
Will    .....                   (boots unavailable)
Stlth   ++........              (no amulet)
HPRegen 0.19/turn               e - ring of ice
MPRegen 0.00/turn               (no ring)

@: flying
A: sickness immunity, fire resistance 2, cold vulnerability 1, float, innate
caster, HP casting, extra vitality 1
a: no special abilities


You were on level 5 of the Dungeon.
You visited 1 branch of the dungeon, and saw 6 of its levels.

You collected 162 gold pieces.

Inventory:

Hand Weapons
 b - a +0 dagger
 l - a +2 vorpal long sword (weapon)
Armour
 a - a +0 robe (worn)
 m - a +0 helmet (worn)
Jewellery
 d - an amulet of regeneration
 e - a ring of ice (left hand)
Wands
 n - a wand of paralysis (9)
Scrolls
 c - 4 scrolls of teleportation
 f - a scroll of fog
Potions
 g - a potion of magic {unknown}
 h - 3 potions of attraction
 i - 3 potions of heal wounds
 j - a potion of might
 k - a potion of flight {unknown}
 o - a potion of curing {unknown}
 p - 2 potions of resistance {unknown}
 q - a potion of berserk rage {unknown}


   Skills:
 + Level 4.1 Fighting
 - Level 2.1 Dodging
 - Level 1.5 Stealth
 * Level 5.3 Spellcasting
 + Level 2.7 Evocations


You had 2 spell levels left.
You knew the following spells:

 Your Spells              Type           Power      Damage    Failure   Level
a - Sting                 Tmut/Pois      100%       1d8       1%          1
b - Poisonous Vapours     Pois/Air       50%        N/A       1%          2
c - Ensorcelled Hibernat  Hex/Ice        76%        N/A       1%          2
d - Summon Small Mammal   Summ           100%       N/A       1%          1
z - Mephitic Cloud        Conj/Pois/Air  25%        N/A       4%          3
A - Olgreb's Toxic Radia  Pois           25%        N/A       13%         4
B - Call Imp              Summ           25%        N/A       1%          2
Your spell library was empty.

Dungeon Overview and Level Annotations

Branches:
Dungeon (6/15)
 Temple: D:4-7

Altars:
Cheibriados

Shops:
D:3 =


Innate Abilities, Weirdness & Mutations

You are immune to sickness and miasma.
You are immune to poison.
Your flesh is very heat resistant. (rF++)
You are vulnerable to cold. (rC-)
You float through the air rather than walking.
You learn spells naturally, not from books.
Your magical power is your life essence.
You have superior vitality. (+4 MHP)


Message History

You now have 162 gold pieces (gained 21).
Found a chain mail.
Found a stone staircase leading up.
An ice beast comes into view.
An ice beast is nearby!
Found a scroll of identify.
You see here a scroll labelled RATWEKHL IBIR.
Casting: Call Imp (safe; 1% risk of failure)
Confirm with . or Enter, or press ? or * to list all spells.
A shadowy apparition takes form in the air.
The ice beast hits you. The ice beast freezes you!
You closely miss the ice beast. The ice beast hits you.
The ice beast freezes you! The ice beast barely misses you.
You are too injured to fight recklessly!
You are too injured to fight recklessly!
You are too injured to fight recklessly!
You hit the ice beast.
The ice beast is moderately wounded.
Your shadow imp hits the ice beast but does no damage.
The ice beast barely misses you.
You closely miss the ice beast.
The ice beast is moderately wounded.
Your shadow imp hits the ice beast.
The ice beast hits you but does no damage.
Your shadow imp hits the ice beast but does no damage.
The ice beast hits you. The ice beast freezes you!
You hit the ice beast.
The ice beast is severely wounded.
Your shadow imp barely misses the ice beast.
The ice beast hits you.
* * * LOW HITPOINT WARNING * * *
The ice beast freezes you!
* * * LOW HITPOINT WARNING * * *
You barely miss the ice beast.
The ice beast is severely wounded.
Your shadow imp hits the ice beast but does no damage.
The ice beast hits you.
* * * LOW HITPOINT WARNING * * *
The ice beast freezes you!
You die...

#................
#........)...... .
##.............. ..
####>............. ...
###.#...##..........
....#.......###.........
?.............#.........
...#..?.....###........
##.@5.[..# ##.......
#..Y.....# .......
##.......# ... ...#
#....<.... ... ... ..
.#......... ##.
$..##.... ............
#.. #..[.....
........... ...
......... ##.......#.. #
.......#


You could see an ice beast (ally target) and a friendly shadow imp (summoned).

Vanquished Creatures
  A black bear (D:4)
  An ice beast (D:5)
  A centaur (D:2)
  4 scorpions
  A gnoll bouda (D:4)
  An iguana (D:4)
  A mummy (D:4)
  4 gnolls (D:4)
  4 adders (D:2)
  A dart slug (D:4)
  5 orcs
  3 endoplasms
  3 giant cockroaches
  7 goblins
  9 hobgoblins
  7 jackals
  2 quokkas
  9 ball pythons
  8 bats
  5 frilled lizards
  3 kobolds
  8 rats
88 creatures vanquished.

Notes
Turn   | Place    | Note
-------+----------+-------------------------------------------
     0 | D:1      | zishaf the Djinni Venom Mage began the quest for the Orb.
     0 | D:1      | zishaf set off with the following spells memorised: Sting,
                  | Poisonous Vapours, Mephitic Cloud, Olgreb's Toxic Radiance.
     0 | D:1      | Reached XP level 1. HP: 15/15 MP: 0/0
   255 | D:1      | Reached XP level 2. HP: 20/22 MP: 0/0
   417 | D:1      | Reached skill level 1 in Fighting
   753 | D:1      | Reached XP level 3. HP: 25/27 MP: 0/0
   753 | D:1      | Learned a level 1 spell: Summon Small Mammal
   822 | D:1      | Reached skill level 3 in Spellcasting
  1753 | D:2      | Reached XP level 4. HP: 13/32 MP: 0/0
  2575 | D:3      | Found Jautsu's Jewellery Emporium.
  2583 | D:3      | Noticed a centaur
  2925 | D:2      | Reached XP level 5. HP: 5/38 MP: 0/0
  2925 | D:2      | Learned a level 2 spell: Ensorcelled Hibernation
  3217 | D:2      | Killed a centaur
  3218 | D:2      | Reached skill level 4 in Spellcasting
  3495 | D:3      | You are sucked into a shaft and drop 3 floors!
  3538 | D:5      | Entered Level 5 of the Dungeon
  3675 | D:4      | Reached XP level 6. HP: 28/45 MP: 0/0
  4177 | D:3      | Reached skill level 1 in Evocations
  4335 | D:3      | Found a faded altar of an unknown god.
  4741 | D:4      | Reached XP level 7. HP: 39/50 MP: 0/0
  4741 | D:4      | Learned a level 2 spell: Call Imp
  4946 | D:4      | Found a snail-covered altar of Cheibriados.
  5037 | D:4      | Reached skill level 5 in Spellcasting
  5497 | D:5      | Reached XP level 8. HP: 19/58 MP: 0/0
  5762 | D:5      | Slain by an ice beast

Illustrated notes

Levels and vault maps discovered:
D:1:      co_arrival_square_in_a_square_in_a_square, layout_basic,
          ebering_dispersal_statue_hall, chequers_serial_rivers_marsh,
          kennysheep_boxes
D:2:      layout_rooms, chequers_decorated_corner
D:3:      layout_rooms, serial_shops, nicolae_shop_statue_plus, serial_glass,
          glass_columns_a, glass_columns_c, glass_columns_c, glass_columns_b,
          glass_columns_a, glass_columns_c,
          shapermc_ecumenical_altar_mp_vishouse
D:4:      layout_loops_ring, slow_altar_1
D:5:      layout_cave_pools
D:6:      old_forge, layout_cave_pods, mainiacjoe_overflow_small_starburst,
          nicolae_overflow_squiral, minmay_temple_entry_purple_smoke

Skill      XL: |  1  2  3  4  5  6  7 |
---------------+----------------------+-----
Fighting       | 1 2 3 4 |  4.1
Spellcasting   | 3 4 5 |  5.3
Evocations     | 1 2 |  2.7
Dodging        | |  2.1
Stealth        | |  1.5

Action                   |  1- 3 |  4- 6 |  7- 9 || total
-------------------------+-------+-------+-------++-------
Melee: Dagger            |     3 |    21 |       ||    24
       Long sword        |       |       |    19 ||    19
 Cast: Sting             |    80 |    89 |    18 ||   187
       Poisonous Vapours |       |    18 |       ||    18
       Mephitic Cloud    |       |     4 |       ||     4
       Ensorcelled Hiber |       |     1 |       ||     1
       Call Imp          |       |       |     2 ||     2
  Use: Scroll            |       |     7 |       ||     7
 Stab: Confused          |       |     2 |       ||     2
       Sleeping          |       |     1 |     1 ||     2
       Distracted        |       |       |     1 ||     1
Armor: Robe              |     8 |    14 |     3 ||    25
Dodge: Dodged            |    28 |    64 |    13 ||   105

Table legend: (Time is in decaauts)
 A = Elapsed time spent in this place.
 B = Non-inter-level travel time spent in this place.
 C = Inter-level travel time spent in this place.
 D = Time resting spent in this place.
 E = Time spent auto-exploring this place.
 F = Levels seen in this place.
 G = Mean time per level.
                   A        B        C        D        E       F      G
               +--------+--------+--------+--------+--------+-----+--------+
         Total |   5770 |   5674 |     96 |   1093 |   3869 |   6 |  961.7 |
       Dungeon |   5770 |   5674 |     96 |   1093 |   3869 |   6 |  961.7 |
               +--------+--------+--------+--------+--------+-----+--------+

Top non-repeatable levels by time:
     D:2: 1877 daAuts
     D:1: 1427 daAuts
     D:4: 1138 daAuts
     D:3: 876 daAuts
     D:5: 408 daAuts
     D:6: 42 daAuts
